 Dungeon Crawl Stone Soup version 0.31-a0-1597-ge7908ec95f (webtiles) character file.

Game seed: 7230907477297634343

7 Bnni the Cudgeller (level 2, -8/31 HPs)
             Began as an Oni Gladiator on Jan 7, 2024.
             Succumbed to a kobold's poison
             ... on level 1 of the Dungeon.
             The game lasted 00:01:27 (322 turns).

Bnni the Cudgeller (Oni Gladiator)                   Turns: 322, Time: 00:01:27

Health: -8/31      AC:  3    Str: 17    XL:     2   Next: 4%
Magic:  2/2        EV: 10    Int:  9    God:
Gold:   84         SH:  0    Dex: 10    Spells: 1/1 levels left

rFire   . . .        a - +0 flail
rCold   . . .        (no shield)
rNeg    . . .        b - +0 robe
rPois   .            c - +0 hat
rElec   .            (no cloak)
rCorr   .            (gloves unavailable)
SInv    .            (boots unavailable)
Will    .....        (no amulet)
Stlth   +            (no ring)
HPRegen 0.25/turn    (no ring)
MPRegen 0.08/turn

%: no passive effects
@: lethally poisoned (-8 -> -41)
A: large, unfitting armour, horns 1, tough skin 1, double potion healing,
drunken brawling
a: no special abilities


You were on level 1 of the Dungeon.
You visited 1 branch of the dungeon, and saw 1 of its levels.

You collected 84 gold pieces.

Inventory:

Hand Weapons
 a - a +0 flail (weapon)
Missiles
 d - 2 throwing nets (quivered)
Armour
 b - a +0 robe (worn)
 c - a +0 hat (worn)
Scrolls
 f - a scroll of immolation {unknown}
 g - 2 scrolls of identify {unknown}


   Skills:
 + Level 3.0 Fighting
 * Level 3.3 Maces & Flails
 - Level 2.0 Throwing
 - Level 2.6 Dodging


You had one spell level left.
You didn't know any spells.
Your spell library was empty.

Dungeon Overview and Level Annotations

Branches:
Dungeon (1/15)

Altars:


Innate Abilities, Weirdness & Mutations

You are too large for most types of armour.
You have a pair of small horns on your head.
You have tough skin. (AC +1)
You gain doubled healing and magic from potions.
Whenever you drink a healing potion, you attack all around you.


Message History

A kobold comes into view. It is wielding a +2 whip of venom.
The kobold shouts!
A ball python comes into view.
The kobold throws a stone.
The stone hits you but does no damage.
The ball python moves out of view.
A kobold is nearby!
The ball python hisses angrily.
The kobold throws a stone.
The stone hits you.
The kobold hits you with a +2 whip of venom.
You are poisoned.
You completely miss the kobold.
You feel very sick. The kobold closely misses you.
The kobold hits you with a +2 whip of venom.
You are lethally poisoned!
You closely miss the kobold.
You feel very sick.
The kobold hits you with a +2 whip of venom.
You are more poisoned.
Unknown command.
Throw: 3 throwing nets
Press: ? - help, Shift-Dir - straight line, f - kobold
Aim: a kobold, wielding a +2 whip of venom and quivering stones (45% to hit)
You throw a throwing net.
The throwing net barely misses the kobold.
The throwing net hits the ball python.
The ball python is caught in the net!
* * * LOW HITPOINT WARNING * * *
You feel very sick.
The ball python struggles against the net.
The kobold hits you with a +2 whip of venom.
* * * LOW HITPOINT WARNING * * *
You are more poisoned.
The ball python struggles against the net.
You aren't carrying any potions.
Throw: large rock
Press: ? - help, Shift-Dir - straight line, f/p - kobold
Aim: a kobold, wielding a +2 whip of venom and quivering stones (45% to hit)
You throw a large rock.
The large rock hits the kobold but does no damage.
You die...

##### # ... # ##
... # # .. #S# .#
##### #.##K##.#
....# #...@$..#
###.# ####.#### #
#.# #...# #
#.######## #...# .#
# #........# #...#
.# #..#####.# #...#
.#### ####### #.#
#...# ###.#...
...#..#
##.####...###......
....#.#
#...............#


You could see a ball python (caught) and a kobold.

Vanquished Creatures
  3 ball pythons (D:1)
  A goblin (D:1)
  A hobgoblin (D:1)
  A bat (D:1)
  2 kobolds (D:1)
8 creatures vanquished.

Notes
Turn   | Place    | Note
-------+----------+-------------------------------------------
     0 | D:1      | Bnni the Oni Gladiator began the quest for the Orb.
     0 | D:1      | Reached XP level 1. HP: 22/22 MP: 1/1
   277 | D:1      | Reached XP level 2. HP: 31/31 MP: 2/2
   322 | D:1      | Succumbed to a kobold's poison

Illustrated notes

Levels and vault maps discovered:
D:1:      matt_arrival_grand_opening, layout_loops_cross

Skill      XL: |  1 |
---------------+----+-----
Fighting       | 3 |  3.0
Maces & Flails | |  3.3
Throwing       | |  2.0
Dodging        | |  2.6

Action                     || total
---------------------------++-------
  Melee: Flail             ||    33
         Headbutt          ||     2
  Throw: Large rock        ||     1
         Throwing net      ||     1
 Armour: Robe              ||    29
  Dodge: Dodged            ||    25

Table legend: (Time is in decaauts)
 A = Elapsed time spent in this place.
 B = Non-inter-level travel time spent in this place.
 C = Inter-level travel time spent in this place.
 D = Time resting spent in this place.
 E = Time spent auto-exploring this place.
 F = Levels seen in this place.
 G = Mean time per level.
                   A        B        C        D        E       F      G
               +--------+--------+--------+--------+--------+-----+--------+
         Total |    330 |    330 |      0 |     43 |    213 |   1 |  330.0 |
       Dungeon |    330 |    330 |      0 |     43 |    213 |   1 |  330.0 |
               +--------+--------+--------+--------+--------+-----+--------+

Top non-repeatable levels by time:
     D:1: 330 daAuts
